 Dungeon Crawl Stone Soup version 0.31-a0-455-g1a7b003ef0 (webtiles) character file.

Game seed: 18427921283907210574

139 testman the Changeling (level 5, -1/41 HPs)
             Began as a Demonspawn Shapeshifter on Aug 4, 2023.
             Slain by a phantom (7 damage)
             ... on level 4 of the Dungeon.
             The game lasted 00:07:22 (2782 turns).

testman the Changeling (Demonspawn Shapeshifter)    Turns: 2782, Time: 00:07:23

Health: -1/41      AC:  2    Str: 17    XL:     5   Next: 1%
Magic:  14/14      EV: 12    Int:  9    God:
Gold:   135        SH:  0    Dex: 14    Spells: 4/4 levels left

rFire   . .          .
                       - Unarmed
rCold   . . .        (no shield)
rNeg    . . .        a - +0 animal skin
rPois   .            (helmet currently unavailable)
rElec   .            (cloak currently unavailable)
rCorr   .            (gloves currently unavailable)
SInv    .            (boots currently unavailable)
Will    .....        (no amulet)
Stlth   +            e - ring of magical power
HPRegen 0.26/turn    (no ring)
MPRegen 0.14/turn

%: no passive effects
@: beast-form
A: beast (slay +2), foul stench 2
a: Begin Untransformation


You were on level 4 of the Dungeon.
You were a hulking beast.
You visited 1 branch of the dungeon, and saw 4 of its levels.

You collected 135 gold pieces.

Inventory:

Missiles
 d - 16 poisoned darts
 p - 3 boomerangs
Armour
 a - a +0 animal skin (worn)
Jewellery
 e - a ring of magical power (left hand)
Talismans
 c - a beast talisman (active)
Wands
 k - a wand of flame (17)
 m - a wand of polymorph (12)
Scrolls
 g - a scroll of enchant weapon {unknown}
 h - 5 scrolls of identify {unknown}
 i - a scroll of revelation {unknown}
 o - a scroll of poison {unknown}
Potions
 b - 2 potions of lignification
 f - a potion of enlightenment {unknown}
 j - 2 potions of curing {unknown}
 l - a potion of haste {unknown}
 n - a potion of heal wounds {unknown}


   Skills:
 + Level 3.1 Fighting
 - Level 2.2 Dodging
 + Level 3.0 Unarmed Combat
 + Level 3.5 Shapeshifting


You had 4 spell levels left.
You didn't know any spells.
Your spell library contained the following spells:

 Spells                   Type           Power      Damage    Failure   Level
 Confusing Touch          Hex            0%         N/A       77%         3
 Tukima's Dance           Hex            0%         N/A       77%         3
 Volatile Blastmotes      Fire/Tloc      0%         2d10      77%         3
 Passage of Golubria      Tloc           0%         N/A       99%         4
 Summon Mana Viper        Hex/Summ       0%         N/A       100%        5
 Yara's Violent Unravell  Hex/Tmut       0%         3d3       100%        5


Dungeon Overview and Level Annotations

Branches:
Dungeon (4/15)
 Temple: D:4-7

Altars:

Shops:
D:4 !:


Innate Abilities, Weirdness & Mutations

You are a hulking beast.
Your limbs bulge with bestial killing power. (Slay +2)
You sometimes emit foul miasma when damaged in melee.


Message History

The helpless shadow imp fails to defend itself.
You hit the shadow imp.
The shadow imp is moderately wounded.
The phantom hits you.
The phantom blinks!
You blink.
The shadow imp shouts, "Abandon hope, thou gleeking ill-nurtured crab-lanthorn!"
You miss the phantom. The phantom barely misses you.
The shadow imp gestures at you. Pain shoots through your body!
You are too injured to fight recklessly!
You are too injured to fight recklessly!
You are too injured to fight recklessly!
You hit the phantom.
The phantom is moderately damaged.
The phantom hits you.
The phantom blinks!
You blink.
You hit the phantom.
The phantom is moderately damaged.
The phantom hits you.
The phantom blinks!
You blink.
You hit the phantom.
The phantom is heavily damaged.
The phantom hits you but does no damage.
You barely miss the phantom.
The phantom is heavily damaged.
The phantom hits you but does no damage.
You hit the phantom.
The phantom is severely damaged.
The phantom misses you.
You barely miss the phantom.
The phantom is severely damaged.
The phantom hits you.
* * * LOW HITPOINT WARNING * * *
The phantom blinks!
You blink.
You hit the phantom.
The phantom is almost destroyed.
The phantom hits you.
* * * LOW HITPOINT WARNING * * *
The phantom blinks!
You blink.
You hit the phantom but do no damage.
The phantom is almost destroyed.
The phantom hits you!
You die...

....^W..W #....
#.<# #.....
#...J....
#...#.#####......#.
#...#............ .
#...##..#..###### #
##........ ###
#....##..# ###..
#.h.##..#### ##....
###W.......###..#..
#........#...##..
#..........####..
#........### #..
#!.......# #.∩
#...5....# #<.
##.......# #..
#.......# #..


You could see a phantom and a shadow imp.

Vanquished Creatures
  Jessica (D:2)
  An iguana (D:3)
  An adder (D:3)
  3 dart slugs
  8 ball pythons
  7 endoplasms
  4 giant cockroaches
  4 goblins
  9 hobgoblins
  4 quokkas
  8 bats
  3 frilled lizards
  9 kobolds
  4 rats
66 creatures vanquished.

Notes
Turn   | Place    | Note
-------+----------+-------------------------------------------
     0 | D:1      | testman the Demonspawn Shapeshifter began the quest for the
                  | Orb.
     0 | D:1      | Reached XP level 1. HP: 15/15 MP: 1/1
   276 | D:1      | Gained mutation: You may rarely emit foul miasma when
                  | damaged in melee. [demonic ancestry]
   276 | D:1      | Reached XP level 2. HP: 17/21 MP: 2/2
   779 | D:2      | Noticed Jessica
   883 | D:2      | Reached XP level 3. HP: 21/27 MP: 3/3
  1520 | D:2      | Killed Jessica
  1623 | D:2      | Gained mutation: You sometimes emit foul miasma when
                  | damaged in melee. [demonic ancestry]
  1623 | D:2      | Reached XP level 4. HP: 28/34 MP: 4/4
  2237 | D:3      | Got the Writings on Execration and the Arsonist
  2685 | D:4      | Noticed a phantom
  2685 | D:4      | Noticed a phantom
  2685 | D:4      | Found Acev's Distillery.
  2715 | D:4      | Found Pegami's Book Shop.
  2723 | D:4      | Reached XP level 5. HP: 32/41 MP: 5/5
  2782 | D:4      | Slain by a phantom

Illustrated notes

Levels and vault maps discovered:
D:1:      psy_arrival_basics, layout_loops_ring
D:2:      layout_basic, nrook_mini_vaults, chequers_arboretum, st_stairs_3,
          uniq_jessica
D:3:      layout_loops_ring
D:4:      layout_rooms, serial_shops, shop, nicolae_shop_window_shopping, shop

Skill      XL: |  1  2  3  4 |
---------------+-------------+-----
Unarmed Combat | 3 |  3.0
Shapeshifting  | 3 |  3.5
Fighting       | 2 3 |  3.1
Dodging        | 2 |  2.2

Action                     |  1- 3 |  4- 6 || total
---------------------------+-------+-------++-------
  Melee: Unarmed           |   101 |    77 ||   178
         Punch             |     2 |     2 ||     4
   Stab: Sleeping          |     4 |     4 ||     8
         Distracted        |       |     1 ||     1
 Armour: Animal skin       |    32 |    11 ||    43
  Dodge: Dodged            |    73 |    34 ||   107

Table legend: (Time is in decaauts)
 A = Elapsed time spent in this place.
 B = Non-inter-level travel time spent in this place.
 C = Inter-level travel time spent in this place.
 D = Time resting spent in this place.
 E = Time spent auto-exploring this place.
 F = Levels seen in this place.
 G = Mean time per level.
                   A        B        C        D        E       F      G
               +--------+--------+--------+--------+--------+-----+--------+
         Total |   2771 |   2653 |    118 |    277 |   1884 |   4 |  692.8 |
       Dungeon |   2771 |   2653 |    118 |    277 |   1884 |   4 |  692.8 |
               +--------+--------+--------+--------+--------+-----+--------+

Top non-repeatable levels by time:
     D:1: 1076 daAuts
     D:3: 818 daAuts
     D:2: 808 daAuts
     D:4: 68 daAuts
